 Dungeon Crawl Stone Soup version 0.30-a0-996-ga6910c8ee8 (webtiles) character file.

Game seed: 12005551270642026250

228 zero the Digger (level 6, 0/32 HPs)
             Began as a Gargoyle Earth Elementalist on Apr 4, 2023.
             Was an Initiate of Vehumet.
             Killed from afar by Robin (9 damage)
             ... with a bolt of light
             ... on level 4 of the Dungeon.
             The game lasted 00:05:08 (3460 turns).

zero the Digger (Gargoyle Earth Elementalist)       Turns: 3460, Time: 00:05:08

Health: 0/32       AC: 12    Str: 12    XL:     6   Next: 2%
Magic:  4/12       EV: 16    Int: 17    God:    Vehumet [......]
Gold:   79         SH:  0    Dex: 10    Spells: 9/13 levels left

rFire   . . .      SeeInvis .    f - +1 dagger (venom)
rCold   . . .      Faith    .    (no shield)
rNeg    + . .      Spirit   .    l - +0 leather armour
rPois   ∞          Reflect  .    (no helmet)
rElec   +          Rampage  .    (no cloak)
rCorr   .                        j - +2 pair of gloves
Will    .....                    k - +1 pair of boots
Stlth   ++                       (no amulet)
HPRegen 0.25/turn                e - +5 ring of evasion
MPRegen 0.13/turn                v - ring of flight

@: flying
A: sickness immunity, AC +4, negative energy resistance 1, electricity
resistance, torment resistance 1, petrification resistance
a: Renounce Religion


You were on level 4 of the Dungeon.
You worshipped Vehumet.
Vehumet was noncommittal.
You visited 1 branch of the dungeon, and saw 4 of its levels.

You collected 157 gold pieces.
You spent 78 gold pieces at shops.

Inventory:

Hand Weapons
 f - a +1 dagger of venom (weapon)
Armour
 a - a +0 robe
 j - a +2 pair of gloves (worn)
 k - a +1 pair of boots (worn)
 l - a +0 leather armour (worn)
Jewellery
 e - a +5 ring of evasion (left hand)
 v - a ring of flight (right hand)
Scrolls
 n - a scroll of blinking
 r - a scroll of magic mapping
Potions
 b - a potion of magic
 g - a potion of heal wounds
 i - a potion of curing {unknown}
 p - 2 potions of flight
 q - a potion of invisibility {unknown}
 s - a potion of degeneration {unknown}
 u - a potion of ambrosia {unknown}


   Skills:
 - Level 1.5 Dodging
 - Level 2.1 Stealth
 * Level 4.4 Spellcasting
 + Level 1.2 Conjurations
 - Level 0.7 Transmutations
 - Level 2.0 Fire Magic
 + Level 4.7 Earth Magic


You had 9 spell levels left.
You knew the following spells:

 Your Spells              Type           Power      Damage    Failure   Level
a - Sandblast             Erth           38%        2d10      2%          1
b - Stone Arrow           Conj/Erth      26%        3d8       17%         3

Your spell library contained the following spells:

 Spells                   Type           Power      Damage    Failure   Level
 Passwall                 Tmut/Erth      10%        N/A       10%         2
 Ensorcelled Hibernation  Hex/Ice        6%         N/A       28%         2
 Inner Flame              Hex/Fire       7%         N/A       36%         3
 Dazzling Flash           Conj/Hex       10%        N/A       41%         3
 Spider Form              Tmut/Pois      4%         N/A       45%         3
 Petrify                  Tmut/Erth      12%        N/A       54%         4
 Flame Wave               Conj/Fire      9%         2d6       69%         4
 Sticky Flame             Conj/Fire      9%         2d3       69%         4
 Iskenderun's Mystic Bla  Conj/Tloc      5%         2d3       83%         4
 Anguish                  Hex/Necr       1%         N/A       88%         4
 Starburst                Conj/Fire      4%         6d4       100%        6


Dungeon Overview and Level Annotations

Branches:
Dungeon (4/15)
 Temple: D:4-7

Altars:
Cheibriados
Elyvilon
Fedhas
Gozag
Kikubaaqudgha
Okawaru
Sif Muna
Trog
Vehumet
Wu Jian
Xom
Yredelemnul
Zin

Shops:
D:3 *

Annotations:
D:3 1 runed translucent door, 2tousent's ghost, weakling GnNe
D:4 Robin


Innate Abilities, Weirdness & Mutations

You are immune to sickness and miasma.
Your stone body is resilient. (AC +4)
You are immune to poison.
You resist negative energy. (rN+)
You are resistant to electric shocks. (rElec)
You are resistant to unholy torment.
You are immune to petrification.


Message History

Robin throws the goblin at you!
Casting: Stone Arrow (quite dangerous; 17% risk of failure)
Confirm with . or Enter, or press ? or * to list all spells.
Aiming: Stone Arrow (quite dangerous; 17% risk of failure)
Press: ? - help, Shift-Dir - straight line The stone arrow hits Robin!
Robin is severely wounded.
The goblin closely misses you. The goblin barely misses you.
Robin barely misses you.
Casting: Stone Arrow (quite dangerous; 17% risk of failure)
Confirm with . or Enter, or press ? or * to list all spells.
You don't have enough magic to cast this spell.
Unknown command.
The hobgoblin attacks as you move away! The hobgoblin closely misses you.
The goblin attacks as you move away! The goblin hits you with a +0 dagger.
The hobgoblin closely misses you. Robin hits you but does no damage.
The goblin attacks as you move away! The goblin misses you.
The hobgoblin attacks as you move away! The hobgoblin hits you.
Robin throws the goblin at you!
Found a stone staircase leading up.
The goblin barely misses you. The goblin attacks as you move away!
The goblin closely misses you.
The goblin no longer looks unusually strong.
The hobgoblin closely misses you.
Robin roars a battlecry!
The goblin goes into a battle-frenzy!
The hobgoblin attacks as you move away! The hobgoblin misses you.
The goblin attacks as you move away! The goblin hits you with a +0 dagger.
The hobgoblin no longer looks unusually strong.
Robin roars a battlecry!
The hobgoblin goes into a battle-frenzy!
Robin throws the goblin at you! The goblin attacks as you move away!
The goblin misses you.
Found a stone staircase leading up.
The goblin attacks as you move away! The goblin hits you with a +0 dagger.
* * * LOW HITPOINT WARNING * * *
Robin zaps a wand.
The bolt of light misses the hobgoblin.
The bolt of light hits the goblin!!
The goblin dies!
The bolt of light hits you!
You die...

******,**,,,*,,*,,,,,,,,,
*#........,*,,,,,,,,,,,,,,
**........##***,,,,,*,,,,,,
*,.........##**,,,,,****,,,
*,........<.,,,..,,,* #...
*,.........#**#.#**,** #...
*,.........# #.# *,,###...
*,.........# #.# *,,,.....
***,.......@## #.###..###...
*,,,.......g)# ##....,.......
*,*,.......g.###..#****#..#.#
**,*,.........g....######.....
*,,*,..........g.............#
****,.....<............8#8..##
**..................#$#..#[
*#.................8#8.)..
***#..................)..#..


You could see Robin, 2 hobgoblins and a goblin (strong).

Vanquished Creatures
  A scorpion (D:4)
  An orc priest (D:4)
  An orc wizard (D:3)
  A hound zombie (D:3)
  An adder (D:2)
  An adder zombie (D:3)
  A worm (D:3)
  2 dart slugs
  7 orcs
  5 endoplasms
  5 giant cockroaches
  9 goblins
  3 hobgoblins
  8 jackals
  8 kobolds
  4 quokkas
  A ball python (D:2)
  A ball python zombie (D:3)
  A bat (D:1)
  4 frilled lizards
  A quokka zombie (D:3)
  3 rats
69 creatures vanquished.

Vanquished Creatures (others)
  A goblin (D:4)
  A hobgoblin (D:4)
2 creatures vanquished.

Grand Total: 71 creatures vanquished

Notes
Turn   | Place    | Note
-------+----------+-------------------------------------------
     0 | D:1      | zero the Gargoyle Earth Elementalist began the quest for
                  | the Orb.
     0 | D:1      | Reached XP level 1. HP: 10/10 MP: 3/3
   163 | D:1      | Reached XP level 2. HP: 6/15 MP: 1/5
   618 | D:1      | Reached XP level 3. HP: 19/19 MP: 5/7
   622 | D:1      | Learned a level 3 spell: Stone Arrow
   626 | D:1      | Learned a level 3 spell: Inner Flame
  2089 | D:3      | Found Tedghiarph's Assorted Antiques.
  2098 | D:3      | Bought a scroll labelled XATHEUGAMY for 21 gold pieces
  2098 | D:3      | Bought a scroll labelled CIOQOY NORA for 21 gold pieces
  2098 | D:3      | Bought a silvery potion for 18 gold pieces
  2098 | D:3      | Bought a bubbling inky potion for 18 gold pieces
  2130 | D:3      | Reached XP level 4. HP: 24/24 MP: 7/9
  2140 | D:3      | Reached skill level 1 in Fire Magic
  2408 | D:3      | Found a basalt altar of Yredelemnul.
  2568 | D:3      | Reached XP level 5. HP: 28/28 MP: 5/10
  2652 | D:3      | Found a faded altar of an unknown god.
  2740 | D:3      | Noticed 2tousent's ghost (weakling GnNe)
  2743 | D:3      | Found a runed translucent door.
  3067 | D:4      | Found a white marble altar of Elyvilon.
  3068 | D:4      | Found a blossoming altar of Fedhas.
  3068 | D:4      | Found an ancient bone altar of Kikubaaqudgha.
  3068 | D:4      | Found a snail-covered altar of Cheibriados.
  3069 | D:4      | Found a bloodstained altar of Trog.
  3069 | D:4      | Found a shimmering blue altar of Sif Muna.
  3070 | D:4      | Found an ornate altar of the Wu Jian Council.
  3070 | D:4      | Found an opulent altar of Gozag.
  3070 | D:4      | Found a radiant altar of Vehumet.
  3072 | D:4      | Found a glowing silver altar of Zin.
  3072 | D:4      | Found an iron altar of Okawaru.
  3072 | D:4      | Found a shimmering altar of Xom.
  3080 | D:4      | Became a worshipper of Vehumet
  3321 | D:4      | Reached skill level 1 in Conjurations
  3321 | D:4      | Reached XP level 6. HP: 32/32 MP: 5/12
  3441 | D:4      | Noticed Robin
  3460 | D:4      | Killed from afar by Robin

Illustrated notes

Levels and vault maps discovered:
D:1:      mrwooster_arrival_arrow, layout_basic, nicolae_hexahallways
D:2:      layout_loops_ring
D:3:      layout_basic, nicolae_yredelemnul_corpse_copse,
          hellmonk_ghost_happy_afterlife, serial_shops,
          nicolae_shop_statue_plus, shapermc_ecumenical_altar_acropolis
D:4:      layout_rooms, nicolae_overflows_in_rows,
          chequers_serial_rivers_micro_d, minmay_statues_item, uniq_robin

Skill      XL: |  1  2  3  4  5 |
---------------+----------------+-----
Spellcasting   | 3 4 |  4.4
Fire Magic     | 1 2 |  2.0
Earth Magic    | 4 |  4.7
Conjurations   | 1 |  1.2
Dodging        | |  1.5
Stealth        | |  2.1
Transmutations | |  0.7

Action                     |  1- 3 |  4- 6 || total
---------------------------+-------+-------++-------
  Melee: Dagger            |    11 |    34 ||    45
   Cast: Sandblast         |    46 |    55 ||   101
         Stone Arrow       |       |     3 ||     3
    Use: Scroll            |       |    14 ||    14
 Armour: Robe              |     2 |       ||     2
         Leather armour    |     2 |    34 ||    36
  Dodge: Dodged            |    12 |   110 ||   122

Table legend: (Time is in decaauts)
 A = Elapsed time spent in this place.
 B = Non-inter-level travel time spent in this place.
 C = Inter-level travel time spent in this place.
 D = Time resting spent in this place.
 E = Time spent auto-exploring this place.
 F = Levels seen in this place.
 G = Mean time per level.
                   A        B        C        D        E       F      G
               +--------+--------+--------+--------+--------+-----+--------+
         Total |   3509 |   3207 |    302 |    374 |   2321 |   4 |  877.2 |
       Dungeon |   3509 |   3207 |    302 |    374 |   2321 |   4 |  877.2 |
               +--------+--------+--------+--------+--------+-----+--------+

Top non-repeatable levels by time:
     D:1: 1178 daAuts
     D:3: 1110 daAuts
     D:2: 958 daAuts
     D:4: 262 daAuts
